 Dungeon Crawl Stone Soup version 0.27-a0-1065-ge809cff456 (webtiles) character file.

Game seed: 17510976832439614262

7714 robertstho the Thaumaturge (level 11, -20/70 HPs)
             Began as a Djinni Fire Elementalist on Apr 23, 2021.
             Was a Follower of Makhleb.
             Demolished by a death knight
             ... wielding a +3 broad axe of freezing
              (29 damage)
             ... on level 9 of the Dungeon.
             The game lasted 00:21:51 (14799 turns).

robertstho the Thaumaturge (DjFE)                  Turns: 14799, Time: 00:21:53

Health: -20/70     AC:  6    Str:  7    XL:     11   Next: 19%
Gold:   147        EV: 13    Int: 26    God:    Makhleb [*.....] SH:  0 Dex: 14

rFire    + + +     SeeInvis .   w - +4 war axe
rCold    . . .     Faith    .   (no shield)
rNeg     . . .     Spirit   .   H - +1 robe {rC+ rF+}
rPois    ∞         Reflect  .   (no helmet)
rElec    .         Harm     .   c - +2 cloak
rCorr    .         Rampage  .   (no gloves)
Will     +....                  (boots unavailable)
Stlth    +++.......             (no amulet)
HPRegen  0.21/turn              x - +6 ring of intelligence
MPRegen  0.00/turn              K - ring of protection from fire

@: flying, very slightly contaminated
A: fire resistance 2, cold vulnerability 1, float, innate caster, hp casting,
extra vitality 1
a: Renounce Religion


You were on level 9 of the Dungeon.
You worshipped Makhleb.
Makhleb was aware of your devotion.
You visited 2 branches of the dungeon, and saw 10 of its levels.

You collected 412 gold pieces.
You spent 265 gold pieces at shops.

Inventory:

Hand Weapons
 a - a +3 dire flail of freezing
 t - a +1 flail of protection
 w - a +4 war axe (weapon)
 I - a +3 morningstar
Missiles
 h - 3 boomerangs of dispersal
Armour
 c - a +2 cloak (worn)
 B - +0 ice dragon scales
 H - a +1 robe of resistance (worn)
Jewellery
 x - a +6 ring of intelligence (left hand)
 K - a ring of protection from fire (right hand)
 N - a +4 ring of protection
 O - a ring of protection from cold
Wands
 p - a wand of iceblast (15)
 y - a wand of paralysis (12)
 L - a wand of charming (9)
Scrolls
 e - a scroll of acquirement {unknown}
 f - 3 scrolls of immolation
 k - 2 scrolls of noise {unknown}
 m - 2 scrolls of blinking
 n - 2 scrolls of magic mapping {unknown}
 q - a scroll of brand weapon
 s - 2 scrolls of teleportation {unknown}
 v - a scroll of enchant weapon {unknown}
 z - a scroll of silence
 F - a scroll of vulnerability {unknown}
 J - a scroll of summoning {unknown}
 M - a scroll of torment {unknown}
 P - a scroll of holy word {unknown}
Potions
 d - 3 potions of flight
 g - 2 potions of attraction
 i - 4 potions of lignification
 l - a potion of haste {unknown}
 o - 2 potions of ambrosia {unknown}
 r - 2 potions of might
 u - 2 potions of curing
 A - a potion of degeneration {unknown}
 C - a potion of invisibility
 D - a potion of mutation {unknown}
 E - a potion of brilliance
 G - a potion of resistance {unknown}


   Skills:
 + Level 2.8 Fighting
 + Level 0.1 Short Blades
 + Level 1.5 Axes
 + Level 4.5 Dodging
 + Level 4.0 Stealth
 * Level 12.4 Spellcasting
 * Level 4.8 Invocations
 + Level 0.1 Evocations


You had 4 spell levels left.
You knew the following spells:

 Your Spells              Type           Power      Damage    Failure   Level
a - Foxfire               Conj/Fire      100%       2x1d9     1%          1
b - Conjure Flame         Conj/Fire      69%        6-21      1%          3
c - Inner Flame           Hex/Fire       69%        N/A       1%          3
d - Sticky Flame          Conj/Fire      69%        2d8       1%          4
e - Fireball              Conj/Fire      34%        3d14      1%          5
f - Summon Small Mammal   Summ           100%       N/A       1%          1
g - Passwall              Tmut/Erth      57%        N/A       1%          2
h - Spider Form           Tmut/Pois      34%        N/A       1%          3
i - Call Canine Familiar  Summ           69%        N/A       1%          3
j - Irradiate             Conj/Tmut      34%        3d25      1%          5
Your spell library was empty.

Dungeon Overview and Level Annotations

Branches:
Dungeon (9/15)             Temple (1/1) D:6
   Lair: D:8-11         Orc: D:9-12

Altars:
Ashenzari
Cheibriados
Dithmenos
Elyvilon
Gozag
Hepliaklqana
Kikubaaqudgha
Makhleb
Nemelex Xobeh
Okawaru
Qazlal
Sif Muna
Uskayaw
Vehumet
Wu Jian
Xom
Yredelemnul
Zin
The Shining One

Shops:
D:1 :   D:6 =[   D:7 !*(


Innate Abilities, Weirdness & Mutations

You are immune to poison.
Your flesh is very heat resistant. (rF++)
You are vulnerable to cold. (rC-)
You float through the air rather than walking.
You learn spells naturally, not from books.
Your magical power is your life essence.
You have superior vitality. (+4 HP)


Message History

Press: ? - help, Shift-Dir - straight line, f/p - death knight
Aim: a death knight, wielding a +3 broad axe of freezing and wearing a +0 chain mail (moderately wounded, reflecting injuries)
You miscast Fireball.
You are very lightly contaminated with residual magic.
Sparks fly from your hands. You resist.
As you read the scroll of fear, it crumbles to dust.
You assume a fearsome visage.
The death knight resists with almost no effort.
Okay, then.
Casting: Fireball (dangerous; 1% risk of failure)
Confirm with . or Enter, or press ? or * to list all spells.
You erupt in a fountain of uncontrolled magic!
The death knight is blasted with magical radiation!!
The death knight is severely wounded.
The death knight twists and deforms.
The death knight reflects your damage back at you!
* * * LOW HITPOINT WARNING * * *
The death knight hits you with a +3 broad axe of freezing.
* * * LOW HITPOINT WARNING * * *
The death knight freezes you.
* * * LOW HITPOINT WARNING * * *
You feel much better.
The death knight hits you with a +3 broad axe of freezing!!
* * * LOW HITPOINT WARNING * * *
The death knight freezes you.
* * * LOW HITPOINT WARNING * * *
Casting: Irradiate (dangerous; 1% risk of failure)
Confirm with . or Enter, or press ? or * to list all spells.
You erupt in a fountain of uncontrolled magic!
The death knight is blasted with magical radiation!
The death knight is almost dead.
The death knight twists and deforms.
* * * LOW HITPOINT WARNING * * *
The death knight reflects your damage back at you!
* * * LOW HITPOINT WARNING * * *
The death knight calls down the wrath of Yredelemnul upon you.
You feel a surge of unholy energy.
You feel better.
The death knight hits you with a +3 broad axe of freezing!!
You die...

.#...#..#.....#..##......#....
..............................
.##########.................#
.# #.#..##...........# .#
#.#..##..#.....#..# .#
#.#..##........#..#
.##########.................#
#..........###########...#+##
#..#.......#...p@....#.#.#
#..........##'########...#
#.....#####).............#
####### #..............#
#.###########..#
##+#####......†.....).#
#.......#####'#......##
#.......#.....#.#..#.#
#.......+..##.#......#


You could see a death knight (reflects damage, misshapen).

Vanquished Creatures
  A fire dragon (D:9)
  A centaur warrior (D:9)
  A two-headed ogre (D:8)
  A hornet (D:7)
  Prince Ribbit (D:6)
  11 yaks
  A basilisk (D:8)
  A steam dragon (D:8)
  3 water moccasins
  An orc warrior (D:9)
  A sky beast (D:6)
  An ice beast (D:7)
  A hornet zombie (D:8)
  A black bear (D:6)
  An ogre (D:6)
  A phantom (D:5)
  2 centaurs
  5 bullfrogs
  2 water moccasin zombies (D:5)
  A scorpion (D:6)
  A water moccasin skeleton (D:6)
  22 wights
  5 electric eels (D:8)
  3 centaur zombies
  2 centaur skeletons
  2 hounds
  An orc priest (D:9)
  A bullfrog skeleton (D:6)
  A gnoll shaman (D:6)
  4 orc wizards
  Terence (D:3)
  4 gnolls (D:6)
  A howler monkey skeleton (D:7)
  10 adders
  2 shadow imps
  An ufetubus (D:5)
  2 dart slugs
  14 orcs
  5 bats
  8 endoplasms
  7 giant cockroaches
  9 goblins
  4 hobgoblins
  3 jackals (D:3)
  7 quokkas
  16 ball pythons
  3 frilled lizards
  10 kobolds
  8 rats
195 creatures vanquished.

Vanquished Creatures (collateral kills)
  A foxfire (D:1)
1 creature vanquished.

Vanquished Creatures (others)
  466 foxfires
466 creatures vanquished.

Grand Total: 662 creatures vanquished

Notes
Turn   | Place    | Note
-------+----------+-------------------------------------------
     0 | D:1      | robertstho the Djinni Fire Elementalist began the quest for
                  | the Orb.
     0 | D:1      | Reached XP level 1. HP: 15/15 MP: 0/0
   145 | D:1      | Found Rudav's Book Emporium.
   725 | D:1      | Reached skill level 3 in Spellcasting
   778 | D:1      | Reached XP level 2. HP: 11/21 MP: 0/0
  1170 | D:1      | Found a faded altar of an unknown god.
  1683 | D:1      | Reached XP level 3. HP: 23/25 MP: 0/0
  1683 | D:1      | Learned a level 1 spell: Summon Small Mammal
  3158 | D:2      | Reached XP level 4. HP: 28/31 MP: 0/0
  3262 | D:2      | Reached skill level 4 in Spellcasting
  4315 | D:3      | Noticed Terence
  4625 | D:3      | Reached XP level 5. HP: 34/35 MP: 0/0
  4625 | D:3      | Learned a level 2 spell: Passwall
  4707 | D:3      | Killed Terence
  5449 | D:4      | Reached skill level 5 in Spellcasting
  5875 | D:4      | Reached XP level 6. HP: 23/40 MP: 0/0
  6245 | D:5      | Entered Level 5 of the Dungeon
  6403 | D:5      | Found a broken altar of Ashenzari.
  6690 | D:5      | Reached skill level 6 in Spellcasting
  6690 | D:5      | Reached XP level 7. HP: 38/45 MP: 0/0
  6690 | D:5      | Learned a level 3 spell: Spider Form
  7160 | D:6      | Found Reufyubb's Jewellery Emporium.
  7451 | D:6      | Found Zawkes's Armour Emporium.
  7684 | D:6      | Noticed Prince Ribbit
  7807 | D:6      | Reached skill level 7 in Spellcasting
  7807 | D:6      | Reached XP level 8. HP: 46/51 MP: 0/0
  8233 | D:6      | Found a staircase to the Ecumenical Temple.
  8268 | D:6      | Killed Prince Ribbit
  8269 | D:6      | Reached skill level 1 in Fighting
  8269 | D:6      | Reached skill level 8 in Spellcasting
  8611 | Temple   | Entered the Ecumenical Temple
  8702 | Temple   | Became a worshipper of Makhleb the Destroyer
  8788 | D:6      | Found a stormy altar of Qazlal.
  9183 | D:7      | Found Oraixti's Distillery.
  9186 | D:7      | Bought a potion of attraction for 45 gold pieces
  9186 | D:7      | Bought a potion of curing for 45 gold pieces
  9186 | D:7      | Bought a potion of invisibility for 120 gold pieces
  9218 | D:7      | Reached skill level 1 in Invocations
  9218 | D:7      | Reached XP level 9. HP: 30/57 MP: 0/0
  9218 | D:7      | Learned a level 3 spell: Call Canine Familiar
  9226 | D:7      | Reached skill level 9 in Spellcasting
  9783 | D:7      | Noticed a hornet
  9789 | D:7      | Killed a hornet
 10463 | D:7      | Found an ornate altar of the Wu Jian Council.
 10587 | D:7      | Found a large runed translucent door.
 10587 | D:7      | Found a large runed translucent door.
 10614 | D:7      | Reached skill level 1 in Axes
 10632 | D:7      | Reached * piety under Makhleb
 11205 | D:7      | Reached skill level 10 in Spellcasting
 11373 | D:7      | Found Guizioro's Assorted Antiques.
 11378 | D:7      | Bought a scroll labelled VAKKAN QANASI for 29 gold pieces
 11378 | D:7      | Bought a dark potion for 26 gold pieces
 11416 | D:7      | Found Eciwuaqi's Weapon Shop.
 11832 | D:7      | Found a white marble altar of Elyvilon.
 11837 | D:7      | Found a shadowy altar of Dithmenos.
 11988 | D:8      | Reached XP level 10. HP: 31/64 MP: 0/0
 12571 | D:8      | Noticed a two-headed ogre
 12574 | D:8      | Killed a two-headed ogre
 12575 | D:8      | Reached skill level 11 in Spellcasting
 13210 | D:8      | Found a glowing silver altar of Zin.
 14076 | D:9      | Noticed a centaur warrior
 14081 | D:9      | Killed a centaur warrior
 14082 | D:9      | Reached skill level 12 in Spellcasting
 14082 | D:9      | Reached XP level 11. HP: 7/70 MP: 0/0
 14082 | D:9      | Learned a level 5 spell: Irradiate
 14474 | D:9      | Noticed a fire dragon
 14488 | D:9      | Killed a fire dragon
 14792 | D:9      | Noticed a death knight
 14798 | D:9      | HP: 2/70 [mirror damage (10)]
 14799 | D:9      | Demolished by a death knight

Illustrated notes

Levels and vault maps discovered:
D:1:      psy_arrival_radial02, layout_loops_corners,
          ebering_ecumenical_altar_petrified, serial_shops, nicolae_shop_trees,
          kennysheep_crisscross
D:2:      minmay_angry_zag, layout_loops_cross, minmay_snake_closets
D:3:      layout_loops_ring, uniq_terence
D:4:      layout_loops_ring
D:5:      layout_basic, general_overflow_altar, ashenzari_conservatory_becter
D:6:      layout_loops_ring, lemuel_round_altar,
          minmay_temple_entry_glassed_door, serial_shops, shop, shop,
          uniq_prince_ribbit1
D:7:      layout_layer_cave, overflow_temple_1_default, jmf_multi_god_temple2,
          serial_shops, nicolae_shop_stone, nicolae_shop_waterfront,
          nicolae_shop_stone
D:8:      layout_loops_cross, lemuel_coloured_pillars_altar,
          nicolae_water_bricks, disabler_island
D:9:      minmay_the_grid_triangle_9x9_rhombus_thin_mashed
          [minmay_the_grid_triangle_9x9_tough_junction,
          minmay_the_grid_triangle_9x9_prize_top_heavy,
          minmay_the_grid_triangle_9x9_longest,
          minmay_the_grid_triangle_9x9_pentomino_pain], layout_stronghold
Temple:   minmay_temple_bridge_abc

Skill      XL: |  1  2  3  4  5  6  7  8  9 10 11 |
---------------+----------------------------------+-----
Spellcasting   | 3 4 5 6 7 8 10 12 | 12.4
Stealth        | 2 3 4 |  4.0
Dodging        | 3 4 |  4.5
Fighting       | 1 2 |  2.8
Invocations    | 1 3 4 |  4.8
Axes           | 1 |  1.5
Short Blades   | |  0.1
Evocations     | |  0.1

Action                   |  1- 3 |  4- 6 |  7- 9 | 10-12 || total
-------------------------+-------+-------+-------+-------++-------
Melee: Dagger            |     1 |     8 |     1 |       ||    10
       War axe           |       |       |     2 |       ||     2
 Cast: Foxfire           |    96 |   124 |    67 |       ||   287
       Sticky Flame      |       |     7 |    20 |     5 ||    32
       Fireball          |       |       |    44 |    44 ||    88
       Irradiate         |       |       |       |     5 ||     5
       Call Canine Famil |       |       |       |     1 ||     1
Evoke: Wand              |       |       |       |     5 ||     5
  Use: Scroll            |       |     5 |     3 |     1 ||     9
       Potion            |       |       |     3 |     2 ||     5
 Stab: Distracted        |       |     1 |       |       ||     1
Armor: Robe              |    15 |    12 |     8 |     8 ||    43
       Skin              |       |       |     2 |       ||     2
Dodge: Dodged            |    42 |    34 |    27 |     9 ||   112

Table legend: (Time is in decaauts)
 A = Elapsed time spent in this place.
 B = Non-inter-level travel time spent in this place.
 C = Inter-level travel time spent in this place.
 D = Time resting spent in this place.
 E = Time spent auto-exploring this place.
 F = Levels seen in this place.
 G = Mean time per level.
                   A        B        C        D        E       F      G
               +--------+--------+--------+--------+--------+-----+--------+
         Total |  14803 |  14431 |    372 |   3442 |   9544 |  10 | 1480.3 |
       Dungeon |  14654 |  14309 |    345 |   3442 |   9436 |   9 | 1628.2 |
        Temple |    149 |    122 |     27 |      0 |    108 |   1 |  149.0 |
               +--------+--------+--------+--------+--------+-----+--------+

Top non-repeatable levels by time:
     D:7: 2714 daAuts
     D:1: 2333 daAuts
     D:6: 1923 daAuts
     D:2: 1741 daAuts
     D:8: 1699 daAuts
     D:4: 1248 daAuts
     D:3: 1024 daAuts
     D:5: 997 daAuts
     D:9: 970 daAuts
  Temple: 149 daAuts
